 Dungeon Crawl Stone Soup version 0.30.1-3-gfc49f6343a (webtiles) character file.

Game seed: 16996736590458892440

152 McKennaii the Conjurer (level 4, 0/33 HPs)
             Began as a Demigod Conjurer on Aug 1, 2023.
             Killed from afar by an orc wizard (7 damage)
             ... with a puff of flame
             ... on level 3 of the Dungeon.
             The game lasted 00:01:38 (2368 turns).

McKennaii the Conjurer (Demigod Conjurer)           Turns: 2368, Time: 00:01:40

Health: 0/33       AC:  2    Str:  8    XL:     4   Next: 87%
Magic:  6/12       EV: 12    Int: 24    God:
Gold:   108        SH:  0    Dex: 12    Spells: 2/9 levels left

rFire   . . .        m - +1 halberd (vamp)
rCold   . . .        (shield currently unavailable)
rNeg    + . .        a - +0 robe
rPois   .            (no helmet)
rElec   .            (no cloak)
rCorr   .            (no gloves)
SInv    .            (no boots)
Will    .....        (no amulet)
Stlth   ++           i - ring of positive energy
HPRegen 0.25/turn    (no ring)
MPRegen 0.13/turn

%: no passive effects
@: no status effects
A: high MP 1, forlorn, divine attributes
a: no special abilities


You were on level 3 of the Dungeon.
You visited 1 branch of the dungeon, and saw 3 of its levels.

You collected 108 gold pieces.

Inventory:

Hand Weapons
 m - a +1 vampiric halberd (weapon)
Armour
 a - a +0 robe (worn)
Jewellery
 i - a ring of positive energy (left hand)
Scrolls
 c - a scroll of immolation {unknown}
 d - 3 scrolls of identify {unknown}
 e - a scroll of fear {unknown}
 f - a scroll of teleportation {unknown}
 g - a scroll of amnesia {unknown}
 k - 2 scrolls of noise {unknown}
Potions
 b - a potion of magic
 h - a potion of degeneration {unknown}
 j - a potion of might {unknown}
 l - a potion of flight {unknown}
 n - a potion of cancellation {unknown}
 o - a potion of haste {unknown}
 p - a potion of attraction {unknown}
 q - a potion of curing {unknown}


   Skills:
 - Level 1.7 Dodging
 - Level 1.7 Stealth
 + Level 3.4 Spellcasting
 + Level 4.8 Conjurations


You had 2 spell levels left.
You knew the following spells:

 Your Spells              Type           Power      Damage    Failure   Level
a - Magic Dart            Conj           100%       1d8       1%          1
b - Searing Ray           Conj           54%        2d6       2%          2
c - Iskenderun's Mystic   Conj/Tloc      15%        2d5       36%         4

Your spell library contained the following spells:

 Spells                   Type           Power      Damage    Failure   Level
 Freeze                   Ice            16%        1d4       11%         1
 Sublimation of Blood     Necr           4%         N/A       16%         2
 Wereblood                Tmut           4%         N/A       16%         2
 Dazzling Flash           Conj/Hex       30%        N/A       12%         3
 Hailstorm                Conj/Ice       15%        3d5       12%         3
 Frozen Ramparts          Ice            8%         1d2       30%         3
 Fulminant Prism          Conj/Hex       7%         3d6       36%         4
 Summon Hydra             Summ           2%         N/A       100%        7


Dungeon Overview and Level Annotations

Branches:
Dungeon (3/15)


Innate Abilities, Weirdness & Mutations

You have an increased reservoir of magic. (+10% MP)
You shall have no god before yourself.
Your divine heritage dramatically boosts your attributes as you level up.


Message History

The hobgoblin closely misses you. The hobgoblin attacks as you move away!
The hobgoblin hits you.
Casting: Magic Dart (safe; 1% risk of failure)
Confirm with . or Enter, or press ? or * to list all spells.
Aiming: Searing Ray (safe; 2% risk of failure)
Press: ? - help, Shift-Dir - straight line, f/p - hobgoblin
Aim: a hobgoblin (severely wounded, 79% to hit)
The searing ray hits the hobgoblin!
You kill the hobgoblin!
The searing ray hits the orc wizard but does no damage. (Press . to maintain the ray.)
The searing ray hits the orc!
You kill the orc!
The searing ray hits the orc wizard.
The orc wizard is moderately wounded.
The orc wizard gestures at you while chanting.
You are confused.
Unknown command.
You barely miss the orc wizard.
The orc wizard is moderately wounded.
The orc wizard hits you with a +0 dagger.
You bump into the rock wall.
The orc wizard gestures at you while chanting.
The magic dart hits you!
You hit the orc wizard.
The orc wizard is severely wounded.
The orc wizard closely misses you.
The orc wizard hits you with a +0 dagger.
You miss the orc wizard.
The orc wizard is severely wounded.
You feel less confused. The orc wizard barely misses you.
You barely miss the orc wizard.
The orc wizard is severely wounded.
The orc wizard gestures at you while chanting.
The puff of flame hits you!
* * * LOW HITPOINT WARNING * * *
The orc wizard gestures at you while chanting.
The puff of flame hits you!
You die...

.#...#...#...#...#...#...#
.#.#...#...#...#...#...#.#
.....#...#...#...#...#...#
...#...#...#...#...#...#.#
.)...#...#...#...#...#...#
...#...#...#...#...#...#.#
.....#...#...#...#...#..##
.......#...#..^#...#..###
.........#...#..@#...##
.####.###..#...#o....# )##
#.# ....#....)..# ..###.#
.......)....# ....#.#
............# ....#
.......>##### ~§~....
........# §§§....#
......... §≈..##.#
........#


You could see an orc wizard.

Vanquished Creatures
  An orc priest (D:3)
  6 gnolls (D:2)
  An adder (D:2)
  3 worms (D:2)
  2 dart slugs
  An orc (D:3)
  3 endoplasms
  A giant cockroach (D:2)
  6 goblins
  3 hobgoblins
  4 jackals (D:1)
  3 kobolds
  A quokka (D:2)
  2 ball pythons
  4 bats (D:2)
  4 frilled lizards
  A rat (D:1)
46 creatures vanquished.

Notes
Turn   | Place    | Note
-------+----------+-------------------------------------------
     0 | D:1      | McKennaii the Demigod Conjurer began the quest for the Orb.
     0 | D:1      | Reached XP level 1. HP: 14/14 MP: 5/5
   622 | D:1      | Reached XP level 2. HP: 15/20 MP: 0/7
   843 | D:2      | Reached skill level 4 in Conjurations
   846 | D:2      | Learned a level 2 spell: Searing Ray
  1004 | D:2      | Reached XP level 3. HP: 22/26 MP: 5/9
  1484 | D:2      | Reached XP level 4. HP: 33/33 MP: 9/11
  1489 | D:2      | Learned a level 4 spell: Iskenderun's Mystic Blast
  2368 | D:3      | Killed from afar by an orc wizard

Illustrated notes

Levels and vault maps discovered:
D:1:      saegor_arrival_simple_d, layout_basic
D:2:      layout_rooms
D:3:      layout_rooms, nicolae_qazlal_scattered_showers, bloody_trog,
          hex_large, minmay_misc_feat_cross

Skill      XL: |  1  2  3  4 |
---------------+-------------+-----
Spellcasting   | 2 3 |  3.4
Conjurations   | 4 |  4.8
Dodging        | |  1.7
Stealth        | |  1.7

Action                     |  1- 3 |  4- 6 || total
---------------------------+-------+-------++-------
  Melee: Unarmed           |    28 |       ||    28
         Halberd           |       |     4 ||     4
   Cast: Magic Dart        |    63 |    36 ||    99
         Searing Ray       |     5 |     4 ||     9
 Armour: Robe              |     6 |       ||     6
  Dodge: Dodged            |    36 |     9 ||    45
